NYP
IDAHO FALLS CHUKARS @ LOWELL SPINNERS
06/02/2048
 
TOP OF THE 1ST
Idaho Falls Chukars batting - Pitching for Lowell Spinners : RHP Ryuhei Shimabukuro
Pitching: RHP Ryuhei Shimabukuro
Batting: RHB Mike Bearden 0-0: Called Strike
0-1: Ground out 6-3 (Groundball, 6, EV 88.8 MPH)
Batting: RHB Jonas Fernandez 0-0: Ball
1-0: Ball
2-0: Called Strike
2-1: Foul Ball, location: 2F
2-2: Ball
3-2: Base on Balls
Batting: RHB Carlos Almada 0-0: Called Strike
0-1: Ball
1-1: Fielders Choice at 2nd, 5-4 (Groundball, 5L, EV 105.6 MPH)
Batting: RHB Chance Argy 0-0: SINGLE (Groundball, 34D, EV 96.9 MPH)
Carlos Almada to second
Runner from 2nd tries for 3rd, SAFE, throw by RF made to third
Batting: RHB Ian Hornsby 0-0: Called Strike
0-1: Foul Ball, location: 2F
0-2: Ball
1-2: Strikes out swinging
Top of the 1st over - 0 runs, 1 hit, 0 errors, 2 left on base; Idaho Falls 0 - Lowell 0
BOTTOM OF THE 1ST
Lowell Spinners batting - Pitching for Idaho Falls Chukars : RHP Mike Valdez
Pitching: RHP Mike Valdez
Batting: RHB Aukukero Tairi 0-0: Called Strike
0-1: Hit by Pitch
Batting: RHB Xavier Joslin 0-0: Called Strike
0-1: Ball
1-1: Foul Ball, location: 2F
1-2: Foul Ball, location: 2F
1-2: Strikes out swinging
Batting: SHB Salvador Padilla 0-0: Called Strike
0-1: Ball
Aukukero Tairi steals 2nd base
1-1: Ground out 4-3 (Groundball, 4M, EV 109.4 MPH)
Aukukero Tairi to third
Batting: RHB Tony Gallegos 0-0: Called Strike
0-1: Swinging Strike
0-2: Strikes out looking
Bottom of the 1st over - 0 runs, 0 hits, 0 errors, 1 left on base; Idaho Falls 0 - Lowell 0
TOP OF THE 2ND
Idaho Falls Chukars batting - Pitching for Lowell Spinners : RHP Ryuhei Shimabukuro
Batting: RHB Jimmy Mayville 0-0: Ball
1-0: Ball
2-0: Ball
3-0: Called Strike
3-1: Base on Balls
Batting: RHB Bobby Matyas 0-0: Foul Ball, location: 2F
0-1: Called Strike
0-2: Grounds into double play, 6-4-3 (Groundball, 6, EV 101.9 MPH)
Batting: LHB David Bearden 0-0: Ball
1-0: Ground out 2-3 (Groundball, 13S, EV 73.1 MPH)
Top of the 2nd over - 0 runs, 0 hits, 0 errors, 0 left on base; Idaho Falls 0 - Lowell 0
BOTTOM OF THE 2ND
Lowell Spinners batting - Pitching for Idaho Falls Chukars : RHP Mike Valdez
Batting: RHB Raul Sanchez 0-0: Ball
1-0: Ball
2-0: Foul Ball, location: 2F
2-1: Ball
3-1: Base on Balls
Batting: RHB Matt Parker 0-0: Called Strike
0-1: Ball
1-1: Ball
2-1: Fielders Choice at 2nd, 6-4 (Groundball, 6, EV 90.6 MPH)
Batting: RHB Curt Stallings 0-0: Foul Ball, location: 2F
0-1: Ball
Matt Parker steals 2nd, throwing error, E2
Matt Parker to third
1-1: Ball
2-1: Ground out 4-3 (Groundball, 4, EV 85.0 MPH)
Matt Parker scores
Pitching: RHP Bryan Kiefer
Batting: LHB Robert Gonzalez 0-0: Swinging Strike
0-1: Ball
1-1: Ball
2-1: SINGLE (Line Drive, 6MD, EV 103.8 MPH)
Batting: RHB Rogelio Cervantes 0-0: Foul Ball, location: 2F
0-1: Ball
1-1: Foul Ball, location: 2F
1-2: Foul Ball, location: 2F
1-2: Ball
Robert Gonzalez is caught stealing 2nd base 2-4
Bottom of the 2nd over - 1 run, 1 hit, 1 error, 0 left on base; Idaho Falls 0 - Lowell 1
TOP OF THE 3RD
Idaho Falls Chukars batting - Pitching for Lowell Spinners : RHP Ryuhei Shimabukuro
Batting: SHB Benoît Morin 0-0: Ball
1-0: Reached on error, E4 (Groundball, 4, EV 79.4 MPH)
Batting: RHB Mike Bearden 0-0: Ball
Wild Pitch!
Benoît Morin to second
1-0: Reached on error, E5 (Groundball, 25, EV 85.0 MPH)
Benoît Morin to third
Batting: RHB Jonas Fernandez 0-0: Ball
1-0: Called Strike
1-1: Grounds into double play, 4-6-3 (Groundball, 34, EV 85.0 MPH)
Benoît Morin scores
Batting: RHB Carlos Almada 0-0: Foul Ball, location: 2F
0-1: Ball
1-1: Foul Ball, location: 2F
1-2: Ground out 6-3 (Groundball, 6, EV 99.4 MPH)
Top of the 3rd over - 1 run, 0 hits, 2 errors, 0 left on base; Idaho Falls 1 - Lowell 1
BOTTOM OF THE 3RD
Lowell Spinners batting - Pitching for Idaho Falls Chukars : RHP Bryan Kiefer
Batting: RHB Rogelio Cervantes 0-0: Ball
1-0: Called Strike
1-1: Foul Ball, location: 2F
1-2: Foul Ball, location: 2F
1-2: Foul Ball, location: 2F
1-2: Strikes out swinging
Batting: RHB Aukukero Tairi 0-0: Called Strike
0-1: Ball
1-1: Fly out, F9 (Flyball, 9, EV 73.8 MPH)
Batting: RHB Xavier Joslin 0-0: Ball
1-0: Ball
2-0: Swinging Strike
2-1: Fly out, F9 (Flyball, 9D, EV 91.9 MPH)
Bottom of the 3rd over - 0 runs, 0 hits, 0 errors, 0 left on base; Idaho Falls 1 - Lowell 1
TOP OF THE 4TH
Idaho Falls Chukars batting - Pitching for Lowell Spinners : RHP Ryuhei Shimabukuro
Batting: RHB Chance Argy 0-0: Ball
1-0: Foul Ball, location: 2F
1-1: Called Strike
1-2: Ball
2-2: Strikes out swinging
Batting: RHB Ian Hornsby 0-0: Ball
1-0: Foul Ball, location: 2F
1-1: Ground out 6-3 (Groundball, 56, EV 101.2 MPH)
Batting: RHB Jimmy Mayville 0-0: Ball
1-0: Ball
2-0: Ball
3-0: Called Strike
3-1: Base on Balls
Batting: RHB Bobby Matyas 0-0: Reached via error on a dropped throw from 2B, E3 (Groundball, 4S, EV 65.6 MPH)
Jimmy Mayville to second
Batting: LHB David Bearden 0-0: Called Strike
0-1: Foul Ball, location: 2F
0-2: Ball
1-2: Ball
2-2: Ball
3-2: Fly out, F8 (Flyball, 8RM, EV 86.2 MPH)
Top of the 4th over - 0 runs, 0 hits, 1 error, 2 left on base; Idaho Falls 1 - Lowell 1
BOTTOM OF THE 4TH
Lowell Spinners batting - Pitching for Idaho Falls Chukars : RHP Bryan Kiefer
Batting: SHB Salvador Padilla 0-0: Ball
1-0: Called Strike
1-1: Foul Ball, location: 2F
1-2: Ball
2-2: Ball
3-2: Foul Ball, location: 2F
3-2: Strikes out swinging
Pitching: RHP Francisco Reyes
Batting: RHB Tony Gallegos 0-0: Ball
1-0: Ball
2-0: Called Strike
2-1: Ground out 3-1 (Groundball, 34, EV 111.2 MPH)
Batting: RHB Raul Sanchez 0-0: Ground out 6-3 (Groundball, 6, EV 94.4 MPH)
Bottom of the 4th over - 0 runs, 0 hits, 0 errors, 0 left on base; Idaho Falls 1 - Lowell 1
TOP OF THE 5TH
Idaho Falls Chukars batting - Pitching for Lowell Spinners : RHP Ryuhei Shimabukuro
Batting: SHB Benoît Morin 0-0: Ball
1-0: Swinging Strike
1-1: Ball
2-1: SINGLE (Groundball, 34, EV 103.1 MPH)
Batting: RHB Mike Bearden 0-0: Called Strike
0-1: Foul Ball, location: 2F
0-2: Ball
1-2: Ball
2-2: Strikes out swinging
Batting: RHB Jonas Fernandez 0-0: Ball
1-0: Ball
2-0: Foul Ball, location: 2F
2-1: Grounds into double play, 6-4-3 (Groundball, 6M, EV 85.6 MPH)
Top of the 5th over - 0 runs, 1 hit, 0 errors, 0 left on base; Idaho Falls 1 - Lowell 1
BOTTOM OF THE 5TH
Lowell Spinners batting - Pitching for Idaho Falls Chukars : RHP Francisco Reyes
Batting: RHB Matt Parker 0-0: Ball
1-0: Ball
2-0: Called Strike
2-1: Ball
3-1: Called Strike
3-2: Strikes out looking
Batting: RHB Curt Stallings 0-0: Called Strike
0-1: Ball
1-1: Called Strike
1-2: Ball
2-2: Strikes out swinging
Batting: LHB Robert Gonzalez 0-0: Ball
1-0: Ground out 1-3 (Groundball, 13S, EV 73.1 MPH)
Bottom of the 5th over - 0 runs, 0 hits, 0 errors, 0 left on base; Idaho Falls 1 - Lowell 1
TOP OF THE 6TH
Idaho Falls Chukars batting - Pitching for Lowell Spinners : RHP Ryuhei Shimabukuro
Batting: RHB Carlos Almada 0-0: Called Strike
0-1: Ball
1-1: Ball
2-1: Swinging Strike
2-2: Ground out 5-3 (Groundball, 56S, EV 85.0 MPH)
Batting: RHB Chance Argy 0-0: Ball
1-0: SINGLE (Groundball, 4D, EV 102.5 MPH)
Batting: RHB Ian Hornsby 0-0: Swinging Strike
0-1: Ball
1-1: Ball
2-1: Grounds into double play, 6-4-3 (Groundball, 6, EV 106.2 MPH)
Top of the 6th over - 0 runs, 1 hit, 0 errors, 0 left on base; Idaho Falls 1 - Lowell 1
BOTTOM OF THE 6TH
Lowell Spinners batting - Pitching for Idaho Falls Chukars : RHP Francisco Reyes
Batting: RHB Rogelio Cervantes 0-0: Called Strike
0-1: SINGLE (Flyball, 4D, EV 89.4 MPH)
Batting: RHB Aukukero Tairi 0-0: Ball
Pickoff Play to 1st, Runner tries for 2nd, OUT after rundown.
1-0: Swinging Strike
1-1: Ball
2-1: Ball
3-1: Called Strike
3-2: Fly out, F7 (Flyball, 78D, EV 105.6 MPH)
Pitching: LHP Bin Ya
Batting: RHB Xavier Joslin 0-0: SINGLE (Line Drive, 89M, EV 101.2 MPH)
Batting: SHB Salvador Padilla 0-0: Ball
1-0: Called Strike
1-1: Swinging Strike
1-2: Ball
2-2: Strikes out swinging
Bottom of the 6th over - 0 runs, 2 hits, 0 errors, 1 left on base; Idaho Falls 1 - Lowell 1
TOP OF THE 7TH
Idaho Falls Chukars batting - Pitching for Lowell Spinners : RHP Ryuhei Shimabukuro
Batting: RHB Jimmy Mayville 0-0: Fly out, F7 (Line Drive, 7D, EV 86.9 MPH)
Batting: RHB Bobby Matyas 0-0: Ball
1-0: Ball
2-0: Ball
3-0: Base on Balls
Pitching: LHP Roald van Erkel
Batting: LHB David Bearden 0-0: Called Strike
0-1: Ball
1-1: Ball
2-1: Called Strike
2-2: Foul Ball, location: 2F
2-2: Strikes out swinging
Pitching: RHP Mike Robertson
Batting: SHB Benoît Morin 0-0: Ground out U3 (Groundball, 3, EV 85.6 MPH)
Top of the 7th over - 0 runs, 0 hits, 0 errors, 1 left on base; Idaho Falls 1 - Lowell 1
BOTTOM OF THE 7TH
Lowell Spinners batting - Pitching for Idaho Falls Chukars : LHP Bin Ya
Batting: RHB Tony Gallegos 0-0: Ball
1-0: Ball
2-0: Called Strike
2-1: Foul Ball, location: 2F
2-2: Ball
3-2: Base on Balls
Batting: RHB Raul Sanchez 0-0: Foul Ball, location: 2F
0-1: Ball
1-1: Called Strike
1-2: Foul Ball, location: 2F
1-2: Ball
2-2: Foul Ball, location: 2F
2-2: Ball
3-2: Base on Balls
Tony Gallegos to second
Batting: RHB Matt Parker 0-0: Sac Bunt to P - play at first, batter OUT! 1-4
Tony Gallegos to third
Raul Sanchez to second
Batting: RHB Curt Stallings 0-0: Ball
1-0: Ball
2-0: Ball
3-0: Base on Balls
Pitching: RHP Tristan Jones
Batting: LHB Robert Gonzalez 0-0: Called Strike
0-1: Ball
1-1: Foul Ball, location: 2F
1-2: Strikes out looking
Pinch Hitting: RHB Guillermo Quintero 0-0: Foul Ball, location: 2F
0-1: Foul Ball, location: 2F
0-2: Foul Ball, location: 2F
0-2: Ball
1-2: Ball
2-2: Ball
3-2: Strikes out swinging
Bottom of the 7th over - 0 runs, 0 hits, 0 errors, 3 left on base; Idaho Falls 1 - Lowell 1
TOP OF THE 8TH
Idaho Falls Chukars batting - Pitching for Lowell Spinners : RHP Mike Robertson
Now at SS: Randy Schmitt
Batting: RHB Mike Bearden 0-0: Called Strike
0-1: Ball
1-1: Called Strike
1-2: Ball
2-2: Ground out 4-3 (Groundball, 4, EV 88.8 MPH)
Batting: RHB Jonas Fernandez 0-0: Foul Ball, location: 2F
0-1: Swinging Strike
0-2: Strikes out swinging
Batting: RHB Carlos Almada 0-0: Ground out 5-3 (Groundball, 56, EV 92.5 MPH)
Top of the 8th over - 0 runs, 0 hits, 0 errors, 0 left on base; Idaho Falls 1 - Lowell 1
BOTTOM OF THE 8TH
Lowell Spinners batting - Pitching for Idaho Falls Chukars : RHP Tristan Jones
Batting: RHB Aukukero Tairi 0-0: Ball
1-0: Ball
2-0: Called Strike
2-1: Called Strike
2-2: Ball
3-2: Strikes out swinging
Batting: RHB Xavier Joslin 0-0: Ball
1-0: Ball
2-0: Ball
3-0: Base on Balls
Batting: SHB Salvador Padilla 0-0: Called Strike
0-1: Foul Ball, location: 2F
0-2: Ball
1-2: Ball
2-2: Ball
3-2: Foul Ball, location: 2F
3-2: Strikes out swinging
Pitching: RHP Tom Daniels
Pinch Hitting: LHB Nelis Geurts 0-0: Ball
1-0: Swinging Strike
1-1: Ground out 4-3 (Groundball, 4, EV 83.8 MPH)
Bottom of the 8th over - 0 runs, 0 hits, 0 errors, 1 left on base; Idaho Falls 1 - Lowell 1
TOP OF THE 9TH
Idaho Falls Chukars batting - Pitching for Lowell Spinners : RHP Mike Robertson
Pitching: RHP Tim Tucker
Now at 1B: Nelis Geurts
Batting: RHB Chance Argy 0-0: Swinging Strike
0-1: Swinging Strike
0-2: Hit by Pitch
Batting: RHB Ian Hornsby 0-0: Ball
1-0: Called Strike
1-1: Swinging Strike
1-2: Ball
2-2: Foul Ball, location: 2F
2-2: Strikes out swinging
Batting: RHB Jimmy Mayville 0-0: Ball
1-0: Called Strike
1-1: Swinging Strike
1-2: Strikes out swinging
Batting: RHB Bobby Matyas 0-0: Called Strike
0-1: Ball
1-1: Ball
2-1: Foul Ball, location: 2F
2-2: Strikes out swinging
Top of the 9th over - 0 runs, 0 hits, 0 errors, 1 left on base; Idaho Falls 1 - Lowell 1
BOTTOM OF THE 9TH
Lowell Spinners batting - Pitching for Idaho Falls Chukars : RHP Tom Daniels
Batting: RHB Raul Sanchez 0-0: Ball
1-0: Ball
2-0: Ball
3-0: Called Strike
3-1: Base on Balls
Batting: RHB Matt Parker 0-0: Sac Bunt to 2R - play at first, batter OUT! 2-4
Raul Sanchez to second
Batting: RHB Curt Stallings 0-0: Intentional Walk
Batting: LHB Robert Gonzalez 0-0: Ball
1-0: Foul Ball, location: 2F
1-1: Called Strike
1-2: Ball
2-2: Foul Ball, location: 2F
2-2: Foul Ball, location: 2F
2-2: Foul Ball, location: 2F
2-2: Foul Ball, location: 2F
2-2: Fielders Choice at 2nd, 4-6 (Groundball, 4, EV 105.0 MPH)
Raul Sanchez to third
Batting: RHB Randy Schmitt 0-0: Foul Ball, location: 2F
0-1: Ball
1-1: SINGLE (Groundball, 56S, EV 72.5 MPH) (infield hit)
Raul Sanchez scores
Bottom of the 9th over - 1 run, 1 hit, 0 errors, 1 left on base; Idaho Falls 1 - Lowell 2
Tuesday, March 28th , 2023 - OOTP Baseball 23.10 Build 110